 Dungeon Crawl Stone Soup version 0.20-a0-29-g41cc41e (webtiles) character file.

602 Tislu the Spear-Bearer (level 7, -2/53 HPs)
             Began as a Merfolk Gladiator on Nov 8, 2016.
             Slain by an orc warrior
             ... wielding a +0 war axe
              (19 damage)
             ... on level 6 of the Dungeon.
             The game lasted 00:13:22 (2518 turns).

Tislu the Spear-Bearer (Merfolk Gladiator)          Turns: 2518, Time: 00:13:22

Health: -2/53      AC:  6    Str: 17    XL:     7   Next: 41%
Magic:  7/7        EV: 20    Int:  7    God:
Gold:   142        SH:  0    Dex: 15    Spells: 0 memorised, 6 levels left

rFire  . . .     SeeInvis .     k - +1 scythe (flame)
rCold  . . .     Gourm    .     e - +0 leather armour
rNeg   . . .     Faith    .     (shield currently unavailable)
rPois  .         Spirit   .     c - +0 helmet
rElec  .         Reflect  .     a - +1 cloak (curse)
rCorr  .         Harm     .     (no gloves)
MR     .....                    (no boots)
Stlth  +.........               (no amulet)
                                i - ring of flight
                                b - +5 ring of evasion

@: lethally poisoned (-2 -> -7), flying
A: change form in water, swift swim, stealthy swim
a: no special abilities


You were on level 6 of the Dungeon.
You were very hungry.

You visited 1 branch of the dungeon, and saw 4 of its levels.

You collected 142 gold pieces.

Inventory:

Hand Weapons
 k - a +1 scythe of flaming (weapon)
 m - a +2 trident of freezing
 o - the cursed +0 dagger "Murmur" {protect, Int+3 Stlth+, unknown}
   (You found it on level 6 of the Dungeon)

   It protects the one who uses it against injury (+AC on strike).
   It affects your intelligence (+3).
   It makes you more stealthy.
   It has a curse placed upon it.
Missiles
 d - 3 throwing nets (quivered)
Armour
 a - a cursed +1 cloak (worn)
 c - a +0 helmet (worn)
 e - a +0 leather armour (worn)
 l - a +0 leather armour
Jewellery
 b - a +5 ring of evasion (left hand)
 i - a ring of flight (right hand)
Scrolls
 g - a scroll of identify
Comestibles
 f - a bread ration
 n - 4 fruits


   Skills:
 + Level 3.7 Fighting
 + Level 8.7 Polearms
 + Level 2.2 Throwing
 + Level 2.2 Armour
 + Level 5.9 Dodging
 + Level 0.5 Stealth


You had 6 spell levels left.
You didn't know any spells.

Dungeon Overview and Level Annotations

Branches:
Dungeon (3/15)

Altars:
Nemelex Xobeh
Okawaru


Message History

The worker ant poisons you!
The orc wizard hits you but does no damage.
The orc misses you. The orc warrior misses you. The worker ant bites you.
The orc wizard casts a spell at you. The magic dart hits you!
The orc closely misses you.
You barely miss the orc warrior.
The orc warrior is almost dead.
You feel sick.
The orc wizard hits you but does no damage.
The worker ant misses you. The orc warrior misses you.
The orc wizard casts a spell at you. The puff of frost hits you!
The orc closely misses you. The worker ant misses you.
The orc warrior hits you with a war axe!
You closely miss the orc.
You feel sick. The orc wizard barely misses you. The orc closely misses you.
The worker ant completely misses you.
The orc wizard begins to cast a cantrip, but forgets the words!
The orc misses you.
The orc warrior hits you with a war axe!!
You die...

#.# ##.## ##...### .
##......# ...
#.......## ....
##..$....###...
##...o#...#.#.#
#..#o#o......#
#.##o@a[.#
###.####o..#
##########........###
...........#......#
####.#.##..#####.##
#..........##.#
#...##..##.##.# ..#
#..###..##.##.# #...#
####..###........#
#...#########


You could see an orc warrior, a worker ant, an orc wizard and 3 orcs.

Vanquished Creatures
  Sigmund (D:3)
  A centaur (D:6)
  A bullfrog (D:6)
  A scorpion (D:6)
  A howler monkey (D:6)
  A bullfrog zombie (D:6)
  A worker ant (D:6)
  A hound skeleton (D:6)
  A worker ant zombie (D:6)
  6 gnolls
  An adder (D:6)
  A worm (D:2)
  3 dart slugs
  A ball python (D:2)
  2 bats
  3 giant cockroaches
  10 goblins
  10 hobgoblins
  2 quokkas (D:2)
  3 frilled lizards
  11 kobolds
  A leopard gecko zombie (D:6)
  7 rats
70 creatures vanquished.

Notes
Turn   | Place    | Note
-------+----------+-------------------------------------------
     0 | D:1      | Tislu the Merfolk Gladiator began the quest for the Orb.
     0 | D:1      | Reached XP level 1. HP: 16/16 MP: 1/1
   192 | D:1      | Reached XP level 2. HP: 20/23 MP: 2/2
   245 | D:1      | Reached skill level 5 in Polearms
   374 | D:1      | Reached XP level 3. HP: 21/28 MP: 3/3
   871 | D:2      | Found an iron altar of Okawaru.
  1137 | D:2      | Reached XP level 4. HP: 22/34 MP: 4/4
  1850 | D:3      | Reached skill level 6 in Polearms
  1853 | D:3      | Found a sparkling altar of Nemelex Xobeh.
  1955 | D:3      | Noticed Sigmund
  1979 | D:3      | Killed Sigmund
  1979 | D:3      | Reached skill level 7 in Polearms
  1979 | D:3      | Reached skill level 1 in Armour
  1979 | D:3      | Reached skill level 5 in Dodging
  1979 | D:3      | Reached XP level 5. HP: 18/41 MP: 5/5
  1979 | D:3      | Reached XP level 6. HP: 21/47 MP: 6/6
  2049 | D:3      | You fall through a shaft for 3 floors!
  2108 | D:6      | Reached skill level 8 in Polearms
  2108 | D:6      | Reached XP level 7. HP: 30/52 MP: 7/7
  2404 | D:6      | Got an ancient dagger
  2518 | D:6      | Slain by an orc warrior

Vault maps used:
D:1:      doesnt_arrival_goblin_jail
D:2:      okawaru_gym_becter, minmay_goblin_kobold_house
D:3:      nemelex_xobeh_ov_fountains_minmay, old_standard_altar,
          kennysheep_generic_room_4, uniq_jessica, uniq_sigmund, uniq_natasha,
          uniq_crazy_yiuf_cottage
D:6:      eino_small_chamber_without_monster

Skill      XL: |  1  2  3  4  5  6 |
---------------+-------------------+-----
Polearms       | 5 7 8 |  8.7
Fighting       | 3 |  3.7
Armour         | 1 2 |  2.2
Dodging        | 5 |  5.9
Throwing       | |  2.2
Stealth        | |  0.5

Action                   |  1- 3 |  4- 6 |  7- 9 || total
-------------------------+-------+-------+-------++-------
Melee: Trident           |   100 |    47 |       ||   147
       Scythe            |       |    27 |    38 ||    65
  Use: Scroll            |     7 |     2 |       ||     9
       Potion            |     2 |     4 |     3 ||     9
  Eat: Bread ration      |       |     1 |       ||     1
Armor: Leather armour    |    19 |    10 |    12 ||    41
Dodge: Dodged            |    97 |    86 |    71 ||   254
